 Dungeon Crawl Stone Soup version 0.20-a0-629-gc37eb77 (webtiles) character file.

38 TuxedoFelix the Cutter (level 3, -2/23 HPs)
             Began as a Kobold Berserker on Feb 10, 2017.
             Was a Believer of Trog.
             Slain by an adder (3 damage)
             ... on level 2 of the Dungeon.
             The game lasted 00:06:39 (1788 turns).

TuxedoFelix the Cutter (Kobold Berserker)           Turns: 1788, Time: 00:06:40

Health: -2/23      AC:  3    Str: 15    XL:     3   Next: 65%
Magic:  3/3        EV: 15    Int:  8    God:    Trog [**....]
Gold:   59         SH:  0    Dex: 14    Spells: 2/2 levels left

rFire    . . .     SeeInvis .   a - +0 short sword
rCold    . . .     Gourm    .   b - +0 animal skin
rNeg     . . .     Faith    .   (shield restricted)
rPois    .         Spirit   .   (no helmet)
rElec    .         Reflect  .   (no cloak)
rCorr    .         Harm     .   d - +0 pair of gloves
MR       .....                  (no boots)
Stlth    ++........             (no amulet)
Regen    0.1/turn               (no ring)
                                (no ring)

@: no status effects
A: carnivore 3
a: Berserk, Trog's Hand, Burn Spellbooks, Renounce Religion


You were on level 2 of the Dungeon.
You worshipped Trog.
Trog was pleased with you.
You were completely stuffed.

You visited 1 branch of the dungeon, and saw 2 of its levels.

You collected 59 gold pieces.

Inventory:

Hand Weapons
 a - a +0 short sword (weapon)
Armour
 b - a +0 animal skin (worn)
 d - a +0 pair of gloves (worn)
Wands
 j - a wand of scattershot (4/9)
Scrolls
 f - a scroll of amnesia {unknown}
 h - 2 scrolls of enchant armour {unknown}
 k - a scroll of identify {unknown}
Potions
 e - a potion of resistance {unknown}
 g - a potion of berserk rage {unknown}
 i - a potion of mutation {unknown}
Comestibles
 c - 2 meat rations
 l - a royal jelly


   Skills:
 + Level 3.4 Fighting
 * Level 4.8 Short Blades
 - Level 1.5 Armour
 + Level 2.9 Dodging
 * Level 2.2 Stealth


You had 2 spell levels left.
You didn't know any spells.

Dungeon Overview and Level Annotations

Branches:
Dungeon (2/15)

Altars:


Innate Abilities, Weirdness & Mutations

You are small and have problems with some larger weapons.
You are carnivorous and can eat meat at any time.


Message History

* * * LOW HITPOINT WARNING * * *
You feel sick.
* * * LOW HITPOINT WARNING * * *
You feel sick. The adder completely misses you.
* * * LOW HITPOINT WARNING * * *
You feel sick. The adder closely misses you.
* * * LOW HITPOINT WARNING * * *
You feel sick. The adder bites you but does no damage.
* * * LOW HITPOINT WARNING * * *
You feel sick. The adder misses you.
* * * LOW HITPOINT WARNING * * *
You feel sick. The adder bites you but does no damage.
The adder closely misses you. The adder barely misses you.
* * * LOW HITPOINT WARNING * * *
You feel sick.
You are no longer poisoned.
The adder bites you.
You die...

.....................###
..###########.....##.<.##
..# #...###..###..## ..#
#...# ##.......###### ..#
#...########........###
#.#
#.....#######.^..##....
#.#### #...#.....#
####.###### #....#
#..>###S..######.# ...#.#
#.....@........... ...#.#
##..#...#...#######
...#.### ##.##...#...#
...#...##....##.#.....#
...##....[####..#...<##
.......#######.##.##.#
...###.#..........##.#
...# #..........#.##.#
...#...#####....#.##.. ##


You could see an adder.

Vanquished Creatures
  An adder (D:2)
  A giant cockroach (D:1)
  6 goblins (D:1)
  4 hobgoblins
  4 jackals (D:2)
  5 bats
  2 kobolds (D:1)
  3 rats (D:1)
26 creatures vanquished.

Notes
Turn   | Place    | Note
-------+----------+-------------------------------------------
     0 | D:1      | TuxedoFelix the Kobold Berserker began the quest for the Orb.
     0 | D:1      | Reached XP level 1. HP: 14/14 MP: 1/1
   214 | D:1      | Reached skill level 1 in Stealth
   221 | D:1      | Reached XP level 2. HP: 15/19 MP: 2/2
  1113 | D:2      | Reached XP level 3. HP: 14/23 MP: 3/3
  1301 | D:2      | Reached ** piety under Trog
  1786 | D:2      | HP: 1/23 [poisoned by an adder]
  1788 | D:2      | Slain by an adder

Vault maps used:
D:1:      tarquinn_simple_flora_water_d

Skill      XL: |  1  2  3 |
---------------+----------+-----
Stealth        | 1 2 |  2.2
Fighting       | |  3.4
Short Blades   | |  4.8
Armour         | |  1.5
Dodging        | |  2.9

Action                   || total
-------------------------++-------
Melee: Short sword       ||   110
 Stab: Sleeping          ||     2
  Eat: Chunk             ||    11
Armor: Animal skin       ||    18
Dodge: Dodged            ||   105
